 Dungeon Crawl Stone Soup version 0.20.1-1-g8b1a95d (webtiles) character file.

532 MJtheKandyman the Cudgeler (level 7, 0/41 HPs)
             Began as a Gargoyle Fighter on Dec 29, 2017.
             Was an Initiate of Okawaru.
             Slain by hilaritas's ghost (12 damage)
             ... on level 4 of the Dungeon.
             The game lasted 00:08:29 (2560 turns).

MJtheKandyman the Cudgeler (Gargoyle Fighter)       Turns: 2560, Time: 00:08:30

Health: 0/41       AC: 11    Str: 25    XL:     7   Next: 24%
Magic:  7/7        EV:  7    Int:  8    God:    Okawaru [......]
Gold:   101        SH:  9    Dex: 11    Spells: 6/6 levels left

rFire    . . .     SeeInvis .   a - +0 flail
rCold    . . .     Gourm    .   c - +0 shield
rNeg     + . .     Faith    .   b - +0 scale mail
rPois    ∞         Spirit   .   (no helmet)
rElec    +         Reflect  .   (no cloak)
rCorr    .         Harm     .   (no gloves)
MR       .....                  (no boots)
Stlth    ..........             (no amulet)
Regen    0.2/turn               (no ring)
MPRegen  0.1/turn               (no ring)

@: mighty
A: negative energy resistance 1, electricity resistance, unbreathing,
petrification resistance, rot immunity, AC +4
a: Renounce Religion


You were on level 4 of the Dungeon.
You worshipped Okawaru.
Okawaru was noncommittal.
You were hungry.

You visited 2 branches of the dungeon, and saw 5 of its levels.

You collected 101 gold pieces.

Inventory:

Hand Weapons
 a - a +0 flail (weapon)
Missiles
 l - 56 stones (quivered)
 A - 3 tomahawks of returning
Armour
 b - a +0 scale mail (worn)
 c - a +0 shield (worn)
 h - a +2 pair of gloves
 m - a +1 pair of boots
 o - a +0 shield
 s - a +2 pair of boots of stealth
Wands
 n - a wand of lightning (11/15)
 t - a wand of confusion (23/48)
Scrolls
 g - 3 scrolls of magic mapping {unknown}
 i - 2 scrolls of remove curse {unknown}
 j - a scroll of identify {unknown}
 k - 2 scrolls of fear {unknown}
 r - a scroll of blinking {unknown}
 w - a scroll of amnesia {unknown}
 y - a scroll of teleportation {unknown}
Potions
 d - 2 potions of might
 e - 3 potions of mutation {unknown}
 q - a potion of haste {unknown}
 z - a potion of brilliance {unknown}
 B - a potion of flight {unknown}
Comestibles
 f - a bread ration
 p - a royal jelly
 u - a meat ration
 x - 3 fruits


   Skills:
 - Level 3.2 Fighting
 + Level 7.7 Maces & Flails
 - Level 3.2 Armour
 - Level 3.2 Shields


You had 6 spell levels left.
You didn't know any spells.

Dungeon Overview and Level Annotations

Branches:
Dungeon (4/15)             Temple (1/1) D:4

Altars:
Ashenzari
Cheibriados
Dithmenos
Elyvilon
Gozag
Hepliaklqana
Kikubaaqudgha
Okawaru
Qazlal
Sif Muna
Trog
Uskayaw
Vehumet
Yredelemnul
Zin
The Shining One

Annotations:
D:4 hilaritas's ghost, amateur TrFi


Innate Abilities, Weirdness & Mutations

You are resistant to torment.
Your stone body is resilient. (AC +4)
You are immune to poison.
You resist negative energy. (rN+)
You are resistant to electric shocks. (rElec)
You can survive without breathing.
You are immune to petrification.
You are immune to rotting.


Message History

You suddenly lose the ability to move!
You can move again.
Your shield and scale mail prevent you from hitting Grinder.
Grinder is almost dead.
Grinder closely misses you.
You closely miss Grinder.
Grinder is almost dead.
Grinder hits you but does no damage.
You sock Grinder!
You kill Grinder!
Okawaru accepts your kill.
Your Maces & Flails skill increases to level 7!
You have reached level 7!
You start resting.
Something unseen opens the door.
You start resting.
Hilaritas's ghost (amateur Troll Fighter) comes into view.
Hilaritas's ghost turns its malevolent gaze towards you.
Hilaritas's ghost hits you!
You die...

#......# #.....)#
#......# #......#
#......# #.....#
+.....# . #...W.#....
#..@..'....
#.....#+########.
###..............
#..............
#..............
#..............
#..............
..........##########
...........#........#


You could see hilaritas's ghost.

Vanquished Creatures
  Grinder (D:4)
  The ghost of Caim the Shooter, an amateur KoHu (D:3)
  Terence (D:2)
  7 adders
  4 worms (D:3)
  3 dart slugs (D:1)
  A leopard gecko (D:2)
  5 orcs (D:3)
  4 ball pythons
  4 giant cockroaches
  8 goblins
  8 hobgoblins
  2 jackals (D:2)
  A quokka (D:3)
  6 bats
  6 frilled lizards
  5 kobolds
  5 rats
72 creatures vanquished.

Notes
Turn   | Place    | Note
-------+----------+-------------------------------------------
     0 | D:1      | MJtheKandyman the Gargoyle Fighter began the quest for the Orb.
     0 | D:1      | Reached XP level 1. HP: 14/14 MP: 1/1
   241 | D:1      | Reached XP level 2. HP: 19/19 MP: 2/2
   462 | D:1      | Reached skill level 3 in Maces & Flails
   866 | D:1      | Reached XP level 3. HP: 23/23 MP: 3/3
  1313 | D:2      | Reached skill level 4 in Maces & Flails
  1371 | D:2      | Reached XP level 4. HP: 26/28 MP: 4/4
  1508 | D:2      | Noticed Terence
  1513 | D:2      | Killed Terence
  1765 | D:3      | Found a basalt altar of Yredelemnul.
  1765 | D:3      | Found a snail-covered altar of Cheibriados.
  1766 | D:3      | Noticed Caim's ghost (amateur KoHu)
  1797 | D:3      | Killed Caim's ghost
  1797 | D:3      | Reached skill level 6 in Maces & Flails
  1797 | D:3      | Reached XP level 5. HP: 26/32 MP: 5/5
  1797 | D:3      | Reached XP level 6. HP: 30/37 MP: 6/6
  1855 | D:3      | Found an ancient bone altar of Kikubaaqudgha.
  1855 | D:3      | Found a deep blue altar of Sif Muna.
  1928 | D:3      | Found a faded altar of an unknown god.
  1990 | D:3      | Found a hide-covered altar of Uskayaw.
  2403 | D:4      | Found a staircase to the Ecumenical Temple.
  2436 | Temple   | Entered the Ecumenical Temple
  2441 | Temple   | Became a worshipper of Warmaster Okawaru
  2475 | D:4      | Noticed Grinder
  2492 | D:4      | Paralysed by Grinder for 5 turns
  2503 | D:4      | Paralysed by Grinder for 3 turns
  2508 | D:4      | Killed Grinder
  2508 | D:4      | Reached skill level 7 in Maces & Flails
  2508 | D:4      | Reached XP level 7. HP: 5/41 MP: 7/7
  2558 | D:4      | Noticed hilaritas's ghost (amateur TrFi)
  2560 | D:4      | Slain by hilaritas's ghost

Skill      XL: |  1  2  3  4  5  6 |
---------------+-------------------+-----
Maces & Flails | 3 4 6 7 |  7.7
Fighting       | |  3.2
Armour         | |  3.2
Shields        | |  3.2

Action                   |  1- 3 |  4- 6 |  7- 9 || total
-------------------------+-------+-------+-------++-------
Melee: Flail             |   132 |   166 |       ||   298
  Use: Potion            |       |     1 |       ||     1
  Eat: Chunk             |     2 |     3 |       ||     5
Armor: Scale mail        |    84 |    92 |       ||   176
Dodge: Dodged            |    47 |    42 |       ||    89
Block: Shield            |    64 |    77 |       ||   141
